 Dungeon Crawl Stone Soup version 0.26.1-2-gb8aa6d0cf2 (webtiles) character file.

Game seed: 11200216074317589826

52 Kaiern the Sneak (level 3, 20/20 HPs)
             Began as a Vampire Enchanter on Feb 18, 2021.
             Quit the game on level 1 of the Dungeon.
             The game lasted 00:09:20 (1296 turns).

Kaiern the Sneak (Vampire Enchanter)                Turns: 1296, Time: 00:09:21

Health: 20/20      AC:  3    Str:  7    XL:     3   Next: 60%
Magic:  6/6        EV: 13    Int: 17    God:
Gold:   30         SH:  0    Dex: 15    Spells: 3/6 levels left

rFire    . . .     SeeInvis +   a - +1 dagger
rCold    + + .     Faith    .   (no shield)
rNeg     + + +     Spirit   .   b - +0 robe
rPois    ∞         Reflect  .   (no helmet)
rElec    .         Harm     .   (no cloak)
rCorr    .         Rampage  .   g - +0 pair of gloves (curse)
Will     .....                  (no boots)
Stlth    +++++.....             (no amulet)
HPRegen  0.06/turn              (no ring)
MPRegen  0.10/turn              (no ring)

@: bloodless
A: fangs 3, see invisible, unbreathing
a: Bat Form, Revivify


You were on level 1 of the Dungeon.
You visited 1 branch of the dungeon, and saw 2 of its levels.

You collected 30 gold pieces.

Inventory:

Hand Weapons
 a - a +1 dagger (weapon)
Missiles
 d - 37 stones (quivered)
Armour
 b - a +0 robe (worn)
 g - a cursed +0 pair of gloves (worn)
Scrolls
 c - a scroll of amnesia {unknown}
 e - a scroll of teleportation {unknown}
 h - a scroll of identify {unknown}
 j - a scroll of blinking {unknown}
Potions
 f - a potion of resistance {unknown}
 i - a potion of berserk rage {unknown}
 k - a potion of curing {unknown}


   Skills:
 + Level 1.1 Fighting
 + Level 1.9 Short Blades
 - Level 2.1 Dodging
 + Level 5.0 Stealth
 + Level 2.3 Spellcasting
 + Level 5.0 Hexes


You had 3 spell levels left.
You knew the following spells:

 Your Spells              Type           Power        Failure   Level
a - Corona                Hex            21%          2%          1
b - Ensorcelled Hibernat  Hex/Ice        20%          10%         2

Your spell library contained the following spells:

 Spells                   Type           Power        Failure   Level
 Confusing Touch          Hex            19%          7%          3
 Tukima's Dance           Hex            19%          7%          3
 Dazzling Flash           Conj/Hex       20%          21%         3


Dungeon Overview and Level Annotations

Branches:
Dungeon (2/15)

Altars:


Innate Abilities, Weirdness & Mutations

You do not regenerate when monsters are visible.
You are frail without blood (-20% HP).
You can heal yourself when you bite living creatures.
You are immune to poison.
You have razor-sharp teeth.
You have supernaturally acute eyesight. (SInv)
You can survive without breathing.


Message History

Aim: a kobold, quivering a stone (chance to affect: 59%)
The kobold looks drowsy...
The helpless kobold fails to defend itself.
You impale the kobold!!
You kill the kobold!
d - 37 stones (gained 1)
You see here a kobold corpse.
You start resting.
Your magical contamination has completely faded away.
You start resting.
HP restored.
You start resting.
Magic restored.
There is a stone staircase leading up here.
You climb upwards.
There is a stone staircase leading down here.
You begin bloodletting.
You continue bloodletting. x5
Now bloodless.
Okay, then.
Are you sure you want to abandon this character and quit the game? (Confirm with "yes".)

#.##............##.#^.###.......
#.#.........###.##.#..........##
#.#............#...........##...
##.#...†.....###.#####.######.)##
...##..†.........# #.# ##.#.)#
#####.....######.# #.# ##.###..
.####.....######.# #.# #.## ###
†...†...)#.....>.# #.# ##.#
...###...#.#####@# #.# ### ...#
#.....# #.# #.# ...# ##..#.###
#.# #.# ..## #......###.#####.#
..#####......##........#
.................#######
...##.##.....##.##
....#.##.....##.# ####
....#.###..####.# ######...


There were no monsters in sight!

Vanquished Creatures
  An adder (D:2)
  2 dart slugs (D:1)
  4 leopard geckos (D:1)
  A giant cockroach (D:1)
  3 goblins (D:1)
  6 hobgoblins (D:1)
  7 bats (D:1)
  3 frilled lizards (D:1)
  3 kobolds
  5 rats (D:1)
35 creatures vanquished.

Notes
Turn   | Place    | Note
-------+----------+-------------------------------------------
     0 | D:1      | Kaiern the Vampire Enchanter began the quest for the Orb.
     0 | D:1      | Reached XP level 1. HP: 13/13 MP: 3/3
   288 | D:1      | Reached XP level 2. HP: 19/20 MP: 3/5
   416 | D:1      | Learned a level 2 spell: Ensorcelled Hibernation
   742 | D:1      | Reached XP level 3. HP: 25/25 MP: 6/6
  1014 | D:1      | Reached skill level 1 in Fighting
  1037 | D:1      | Reached skill level 5 in Stealth
  1187 | D:2      | Reached skill level 5 in Hexes
  1296 | D:1      | Quit the game

Illustrated notes

Levels and vault maps discovered:
D:1:      tarquinn_simple_flora_water_e, layout_loops_ring, amethyst_killhole,
          st_stairs_6
D:2:      layout_basic

Skill      XL: |  1  2  3 |
---------------+----------+-----
Fighting       | 1 |  1.1
Stealth        | 5 |  5.0
Hexes          | 5 |  5.0
Short Blades   | |  1.9
Dodging        | |  2.1
Spellcasting   | |  2.3

Action                   || total
-------------------------++-------
Melee: Dagger            ||   114
       Bite              ||     6
 Cast: Corona            ||    21
       Ensorcelled Hiber ||    11
 Abil: Exsanguinate      ||     1
 Stab: Sleeping          ||    13
Armor: Robe              ||    31
Dodge: Dodged            ||    78
